 Dungeon Crawl Stone Soup version 0.30-a0-177-g1cb5dbfd7a (webtiles) character file.

Game seed: 5789598282685460513

2 spiderkeys the Covert (level 1, -2/23 HPs)
             Began as a Gnoll Delver on Oct 3, 2022.
             Slain by a gnoll
             ... wielding a +0 flail
             ... led by a gnoll bouda
              (7 damage)
             ... on level 5 of the Dungeon.
             The game lasted 00:00:35 (71 turns).

spiderkeys the Covert (Gnoll Delver)                  Turns: 71, Time: 00:00:36

Health: -2/23      AC:  3    Str: 11    XL:     1   Next: 30%
Magic:  1/1        EV: 13    Int:  9    God:
Gold:   0          SH:  0    Dex: 13    Spells: 0/0 levels left

rFire   . . .      SeeInvis .    a - +0 spear
rCold   . . .      Faith    .    (no shield)
rNeg    . . .      Spirit   .    b - +0 leather armour
rPois   .          Reflect  .    (no helmet)
rElec   .          Harm     .    (no cloak)
rCorr   .          Rampage  .    (no gloves)
Will    .....                    (no boots)
Stlth   ++++......               (no amulet)
HPRegen 0.23/turn                (no ring)
MPRegen 0.07/turn                (no ring)

@: no status effects
A: fangs 1, strong nose, distributed training
a: no special abilities


You were on level 5 of the Dungeon.
You visited 1 branch of the dungeon, and saw 1 of its levels.


Innate Abilities, Weirdness & Mutations

You have very sharp teeth.
Your uncanny sense of smell can sniff out nearby items.
Your experience applies equally to all skills.


   Skills:
 + Level 6.4 Fighting
 + Level 0.0 Short Blades
 + Level 0.0 Long Blades
 + Level 0.0 Axes
 + Level 0.0 Maces & Flails
 + Level 4.4 Polearms
 + Level 0.0 Staves
 + Level 0.0 Ranged Weapons
 + Level 0.0 Throwing
 + Level 0.0 Armour
 + Level 4.4 Dodging
 + Level 9.5 Stealth
 + Level 0.0 Shields
 + Level 0.0 Unarmed Combat
 + Level 0.0 Spellcasting
 + Level 0.0 Conjurations
 + Level 0.0 Hexes
 + Level 0.0 Summonings
 + Level 0.0 Necromancy
 + Level 0.0 Translocations
 + Level 0.0 Transmutations
 + Level 0.0 Fire Magic
 + Level 0.0 Ice Magic
 + Level 0.0 Air Magic
 + Level 0.0 Earth Magic
 + Level 0.0 Poison Magic
 + Level 0.1 Invocations
 + Level 0.0 Evocations


You couldn't memorise any spells.
You didn't know any spells.
Your spell library contained the following spells:

 Spells                   Type           Power      Damage    Failure   Level
 Gell's Gravitas          Tloc           0%         N/A       85%         3
 Teleport Other           Tloc           0%         N/A       85%         3
 Dispersal                Tloc           0%         N/A       100%        6

Inventory:

Hand Weapons
 a - a +0 spear (weapon)
Armour
 b - a +0 leather armour (worn)
Wands
 g - a wand of digging (3)
Scrolls
 c - a scroll of fog
 d - a scroll of magic mapping {!r}
Potions
 f - a potion of haste {@q3}

Dungeon Overview and Level Annotations

Branches:
Dungeon (5/15) Zot: 5929
 Temple: D:4-7

Altars:

.#.#..########...#######
...#..# #...# ...#..#
#...# ...#..# #...#
...#.## #..g#
#.##..########...##
#.................#
#....>....#######g#
#...............@.#
#.......###########
...######... #... . ####


You could see a gnoll.


Message History

You hear the hiss of flowing sand.
There is an entrance to an ossuary on this level.
Hurry and find it before the portal is buried! 🤖 Initializing magus.rc ...
Options error: Bad monster_list_colour key: strict_neutral (~/.crawlrc:5438) Bad channel name for runrest: 'pray:' ✅ Successfully initialized magus.rc [v1.11.3] Welcome, spiderkeys the Gnoll Delver.
The terrific Orb of Zot lies far below, as if waiting for you to find it.
Press ? for a list of commands and other information.
Found a There-And-Back Book.
Found a stone staircase leading down.
You pick up a There-And-Back Book and begin reading...
You add the spells Gell's Gravitas, Teleport Other and Dispersal to your library.
A water moccasin comes into view.
A scorpion comes into view.
Found a stone staircase leading up.
The water moccasin hisses angrily.
The water moccasin bites you but does no damage.
The water moccasin attacks as you move away!
The water moccasin misses you.
The water moccasin bites you but does no damage.
As you read the scroll of fear, it crumbles to dust.
You assume a fearsome visage.
The water moccasin looks frightened!
A gnoll comes into view. It is wielding a +0 flail.
A gnoll bouda and a gnoll come into view.
A gnoll comes into view. It is wielding a +0 flail.
Found a stone staircase leading up.
A sourceless malevolence fills the Dungeon... and a teleportation trap spontaneously manifests!
You are yanked towards some nearby monsters!
Your surroundings suddenly seem different.
A scorpion and 2 gnolls come into view.
An orc comes into view. It is wielding a +0 mace.
The orc shouts!
You hear the slow hiss of a very distant avalanche of sand.
The orc misses you. The orc closely misses you.
The orc hits you with a +0 mace. 😕 HP[-3]
You take 3 damage, and now have 20/23 hp.
Okay, then.
The orc attacks as you move away! The orc closely misses you. 😕 HP[+1]
The orc shouts loudly.
The orc attacks as you move away! The orc misses you. 😕 HP[+1]
You barely miss the orc. You hit the orc but do no damage.
The orc hits you with a +0 mace. 😮 HP[-6]
You take 6 damage, and now have 16/23 hp.
MASSIVE DAMAGE!! (PAUSE)
You hit the orc. You bite the orc.
The orc hits you with a +0 mace. 😮 HP[-4]
You take 4 damage, and now have 12/23 hp.
You hit the orc.
You kill the orc!
You hit the gnoll but do no damage. The gnoll misses you. 😮 HP[+1]
You completely miss the gnoll. You bite the gnoll. The gnoll barely misses you.
You hit the gnoll but do no damage. The gnoll hits you with a +0 flail!
* * * LOW HITPOINT WARNING * * *
😱 HP[-9]
You take 9 damage, and now have 4/23 hp.
MASSIVE DAMAGE!! (PAUSE)
You hit the gnoll but do no damage. Your bite misses the gnoll.
The gnoll barely misses you.
You hit the gnoll. You hit the gnoll. You bite the gnoll, but do no damage.
The gnoll completely misses you. 😱 HP[+1]
You hit the gnoll. The gnoll hits you with a +0 flail!
You die...

Skill      XL: | |
---------------+-+-----
Stealth        | |  9.5
Fighting       | |  6.4
Polearms       | |  4.4
Dodging        | |  4.4
Invocations    | |  0.1

Action                   || total
-------------------------++-------
Melee: Spear             ||    11
       Bite              ||     3
  Use: Scroll            ||     1
Armor: Leather armour    ||     2
Dodge: Dodged            ||     9

Levels and vault maps discovered:
D:5:      layout_basic, serial_co_window_serial, co_window_paths_a,
          co_window_paths_b, co_window_paths_a, co_window_paths_a,
          co_window_of_opportunity_a, co_window_paths_a,
          co_window_of_opportunity_a, co_window_broadway_b,
          co_window_broadway_b, co_window_corner_b, co_window_corner_b,
          co_window_paths_d, co_window_paths_e, glass_columns_a,
          glass_columns_b, glass_columns_b, glass_columns_a, glass_columns_b,
          enter_ossuary_5, ebering_dispersal_statue_hall

Notes
Turn   | Place    | Note
-------+----------+-------------------------------------------
     0 | D:5      | Reached skill level 9 in Stealth
     0 | D:5      | spiderkeys the Gnoll Delver began the quest for the Orb.
     0 | D:5      | Reached XP level 1. HP: 23/23 MP: 1/1
     0 | D:5      | magus.rc [v1.11.3]
     3 | D:5      | You add the spells Gell's Gravitas, Teleport Other and
                  | Dispersal to your library.
    10 | D:5      | Noticed a water moccasin
    11 | D:5      | Noticed a scorpion
    35 | D:5      | Noticed a gnoll bouda
    42 | D:5      | Noticed a scorpion
    67 | D:5      | HP: 4/23 [gnoll/+0 flail[a gnoll bouda] (9)]
    71 | D:5      | Slain by a gnoll

Vanquished Creatures
  An orc (D:5)
1 creature vanquished.

Table legend:
 A = Non-vault XP
 B = Vault XP
 C = Vault XP percentage of total XP
 D = Non-vault monster count
 E = Vault monster count
 F = Vault count percentage of total count
                 A         B        C        D         E       F
            +---------+---------+-------+---------+---------+-------
      Total |       3 |       0 |   0.0 |       1 |       0 |   0.0
            +---------+---------+-------+---------+---------+-------
        D:5 |       3 |       0 |   0.0 |       1 |       0 |   0.0
            +---------+---------+-------+---------+---------+-------

Illustrated notes

Table legend:
 A = Kills in this place as a percentage of kills in entire the game.
 B = Kills by you in this place as a percentage of kills by you in the entire game.
 C = Kills by friends in this place as a percentage of kills by friends in the entire game.
 D = Other kills in this place as a percentage of other kills in the entire game.
 E = Experience gained in this place as a percentage of experience gained in the entire game.
 F = Experience gained in this place divided by the number of levels of this place that you have seen.
                   A       B       C       D       E      F
               +-------+-------+-------+-------+-------+----------------------
         Total | 100.0 | 100.0 |   N/A |   N/A | 100.0 |   3.0
       Dungeon | 100.0 | 100.0 |   N/A |   N/A | 100.0 |   3.0
               +-------+-------+-------+-------+-------+----------------------

Table legend: (Time is in decaauts)
 A = Elapsed time spent in this place.
 B = Non-inter-level travel time spent in this place.
 C = Inter-level travel time spent in this place.
 D = Time resting spent in this place.
 E = Time spent auto-exploring this place.
 F = Levels seen in this place.
 G = Mean time per level.
                   A        B        C        D        E       F      G
               +--------+--------+--------+--------+--------+-----+--------+
         Total |     69 |     69 |      0 |      0 |      0 |   1 |   69.0 |
       Dungeon |     69 |     69 |      0 |      0 |      0 |   1 |   69.0 |
               +--------+--------+--------+--------+--------+-----+--------+

Top non-repeatable levels by time:
     D:5: 69 daAuts
